AoeStats
← Faatig

Black Forest

508945535Analyzed
3v3 RM · 9d ago on Sep 24, 2026· 52m 4s· 6 players
Game mode
Random Map
Map size
Normal (6 player)
Population
200
Speed
Normal
Resources
Standard
Victory
Conquest
Starting age
Dark Age
Ending age
Imperial Age
RankedLock teamsTeams togetherTeam positionsShared explorationLock speedFull tech treeHidden civsTurbo modeCheats
Victory
Defeat
🇺🇸 Bohemians · United States
1005
+11
🇳🇱 Spanish · Netherlands
973
+13
🇺🇸 Britons · United States
942
+14
🇹🇷 Huns · Türkiye
909
-13
🇹🇷 Spanish · Türkiye
908
-13
🇹🇷 Britons · Türkiye
886
-12
shabolobodingdong
12:29 Feudal Age
13:27 Double-Bit Axe
20:41 Castle Age
19:12 Horse Collar
22:12 Bow Saw
22:05 Heavy Plow
24:28 Fervor
29:42 Wheelbarrow
28:58 Loom
31:44 Chemistry
32:42 Wagenburg Tactics
35:21 Imperial Age
33:31 Padded Archer Armor
34:42 Hand Cart
34:58 Sanctity
35:04 Leather Archer Armor
34:20 Pikeman
35:03 Squires
36:46 Ring Archer Armor
36:42 Conscription
36:29 Wagenburg Tactics
35:45 Elite Hussite Wagon
37:51 Halberdier
38:44 Caravan
39:15 Scale Mail Armor
39:21 Squires
39:08 Arson
41:18 Chain Mail Armor
41:14 Forging
42:09 Siege Engineers
42:26 Ballistics
Caillou
1:31 Loom
11:36 Feudal Age
16:06 Castle Age
18:10 Horse Collar
18:18 Double-Bit Axe
26:26 Bow Saw
26:20 Heavy Plow
26:19 Gold Mining
26:11 Pikeman
26:53 Squires
29:20 Fortified Wall
28:59 Treadmill Crane
28:56 Elite Skirmisher
33:23 Imperial Age
31:33 Wheelbarrow
30:51 Fletching
31:02 Padded Archer Armor
32:15 Arson
34:44 Conscription
35:01 Hand Cart
36:01 Two-Man Saw
35:45 Hoardings
35:42 Onager
36:48 Ballistics
37:30 Chemistry
36:36 Bodkin Arrow
36:57 Leather Archer Armor
37:32 Caravan
38:19 Yeomen
37:57 Elite Longbowman
39:04 Siege Engineers
39:22 Warwolf
39:58 Bracer
40:28 Ring Archer Armor
40:23 Halberdier
vdL
0:35 Loom
13:40 Feudal Age
14:46 Double-Bit Axe
18:06 Castle Age
16:48 Horse Collar
18:20 Wheelbarrow
24:43 Gold Mining
26:07 Stone Mining
26:22 Caravan
27:10 Fishing Lines
27:56 Town Watch
28:29 Bow Saw
33:04 Town Patrol
33:47 Fortified Wall
36:26 Imperial Age
34:14 Heavy Plow
34:51 Forging
34:47 Scale Barding Armor
35:07 Ballistics
34:58 Masonry
36:46 Iron Casting
36:30 Bloodlines
36:21 Husbandry
36:17 Light Cavalry
37:23 Chain Barding Armor
38:59 Blast Furnace
38:10 Pikeman
39:24 Architecture
38:21 Capped Ram
39:39 Plate Barding Armor
39:07 Scale Mail Armor
40:19 Two-Man Saw
38:54 Cavalier
38:57 Hussar
40:04 Conscription
39:44 Fletching
40:29 Bodkin Arrow
41:39 Chemistry
41:47 Bracer
41:19 Paladin
43:22 Padded Archer Armor
43:29 Elite Skirmisher
48:49 Hoardings
Faatig
0:36 Loom
12:04 Feudal Age
13:43 Double-Bit Axe
15:43 Horse Collar
18:26 Castle Age
19:38 Bow Saw
19:31 Heavy Plow
26:05 Gold Mining
26:11 Stone Mining
29:06 Fishing Lines
31:38 Wheelbarrow
34:15 Imperial Age
32:28 Scale Barding Armor
32:49 Masonry
33:58 Bloodlines
33:49 Husbandry
34:13 Chain Barding Armor
34:27 Hand Cart
35:34 Stone Shaft Mining
35:25 Conscription
36:45 Plate Barding Armor
37:13 Chemistry
36:36 Ballistics
36:29 Elite Conquistador
38:09 Fletching
38:32 Forging
40:06 Hoardings
39:39 Light Cavalry
41:01 Caravan
41:32 Coinage
40:31 Hussar
42:04 Iron Casting
41:24 Bodkin Arrow
ademhalit
12:33 Feudal Age
11:23 Loom
13:12 Horse Collar
13:26 Double-Bit Axe
14:42 Stone Mining
14:42 Gold Mining
21:24 Castle Age
21:11 Bloodlines
21:03 Padded Archer Armor
20:54 Fletching
21:11 Fishing Lines
25:07 Bow Saw
26:02 Heavy Plow
26:44 Wheelbarrow
25:55 Town Watch
27:05 Leather Archer Armor
26:45 Bodkin Arrow
26:56 Scale Barding Armor
27:02 Forging
27:03 Thumb Ring
27:02 Husbandry
30:43 Imperial Age
31:09 Chain Barding Armor
31:25 Iron Casting
31:58 Ballistics
32:27 Hand Cart
32:17 Town Patrol
35:01 Chemistry
34:30 Parthian Tactics
34:35 Atheism
34:18 Marauders
34:57 Bracer
35:55 Gold Shaft Mining
35:57 Caravan
36:58 Elite Tarkan
37:47 Heavy Cavalry Archer
40:29 Plate Barding Armor
40:54 Blast Furnace
40:36 Gillnets
ReuZess
12:43 Feudal Age
13:25 Double-Bit Axe
13:22 Horse Collar
15:09 Gold Mining
20:30 Castle Age
18:44 Stone Mining
21:27 Bow Saw
21:21 Heavy Plow
22:08 Gold Shaft Mining
27:49 Yeomen
31:41 Imperial Age
30:14 Coinage
30:11 Town Watch
31:02 Wheelbarrow
30:52 Gambesons
30:28 Pikeman
32:04 Town Patrol
32:03 Elite Skirmisher
33:11 Hand Cart
35:10 Banking
35:30 Caravan
35:38 Elite Longbowman
36:50 Guilds
37:46 Two-Man Saw
38:47 Forging
39:25 Squires
39:28 Fletching
39:39 Padded Archer Armor
40:16 Iron Casting
39:42 Scale Mail Armor
40:56 Ballistics
40:19 Treadmill Crane
40:36 Bodkin Arrow
41:04 Leather Archer Armor
42:08 Blast Furnace
42:19 Blast Furnace
Connection lost

Rejoining the realm…

Still unreachable

The connection could not be restored.

Session expired

The server has moved on; the page needs a fresh start.